 Dungeon Crawl Stone Soup version 0.20.1-1-g8b1a95d (webtiles) character file.

54 Diazepam the Firebug (level 3, -2/19 HPs)
             Began as a Deep Elf Fire Elementalist on Oct 9, 2017.
             Slain by Natasha (7 damage)
             ... on level 3 of the Dungeon.
             The game lasted 00:08:13 (1511 turns).

Diazepam the Firebug (Deep Elf Fire Elementalist)   Turns: 1511, Time: 00:08:13

Health: -2/19      AC:  4    Str:  5    XL:     3   Next: 66%
Magic:  1/10       EV: 13    Int: 20    God:
Gold:   174        SH:  0    Dex: 15    Spells: 3/9 levels left

rFire    . . .     SeeInvis .   g - +0 spear
rCold    . . .     Gourm    .   (no shield)
rNeg     . . .     Faith    .   a - +0 robe
rPois    .         Spirit   .   (no helmet)
rElec    .         Reflect  .   (no cloak)
rCorr    .         Harm     .   j - +0 pair of gloves
MR       .....                  h - +0 pair of boots
Stlth    ++........             (no amulet)
Regen    0.1/turn               (no ring)
MPRegen  0.2/turn               (no ring)

@: very slightly contaminated
A: no striking features
a: no special abilities


You were on level 3 of the Dungeon.
You were very hungry.

You visited 1 branch of the dungeon, and saw 3 of its levels.

You collected 174 gold pieces.

Inventory:

Hand Weapons
 g - a +0 spear (weapon)
Armour
 a - a +0 robe (worn)
 h - a +0 pair of boots (worn)
 j - a +0 pair of gloves (worn)
Magical Staves
 l - an uncursed staff of poison {unknown}
Scrolls
 e - a scroll of enchant weapon {unknown}
 f - a scroll of fear {unknown}
 i - a scroll of amnesia {unknown}
 k - a scroll of teleportation {unknown}
Potions
 d - a potion of lignification {unknown}
Books
 b - a book of Flames

   Spells                             Type                      Level
   a - Flame Tongue                   Conjuration/Fire             1
   b - Throw Flame                    Conjuration/Fire             2
   c - Conjure Flame                  Conjuration/Fire             3
   d - Inner Flame                    Hexes/Fire                   3
   e - Sticky Flame                   Conjuration/Fire             4
   f - Fireball                       Conjuration/Fire             5
Comestibles
 c - 3 bread rations


   Skills:
 - Level 2.4 Dodging
 - Level 2.4 Stealth
 + Level 3.6 Spellcasting
 + Level 2.1 Conjurations
 * Level 4.3 Fire Magic


You had 3 spell levels left.
You knew the following spells:

 Your Spells              Type           Power        Failure   Level  Hunger
a - Flame Tongue          Conj/Fire      ###..        3%          1    None
b - Throw Flame           Conj/Fire      ###...       5%          2    ##.....
c - Conjure Flame         Conj/Fire      ###.....     11%         3    ###....


Dungeon Overview and Level Annotations

Branches:
Dungeon (3/15)

Altars:

Annotations:
D:3 Natasha


Message History

Aim: an orc, wearing a leather armour (almost dead)
The flame tongue hits the orc.
The orc appears unharmed.
The orc is almost dead.
Natasha stares at you and mumbles some strange words.
The magic dart hits you! The orc misses you. Natasha closely misses you.
The orc misses you.
You climb downwards.
The frilled lizard bites you but does no damage.
The kobold hits you with a dagger. The frilled lizard bites you.
The kobold closely misses you.
There is a stone staircase leading up here.
Natasha casts a spell.
The frilled lizard barely misses you. The orc closely misses you.
You hit the kobold but do no damage. The frilled lizard closely misses you.
The orc hits you but does no damage. The kobold hits you with a dagger.
* * * LOW HITPOINT WARNING * * *
You hit the kobold.
You kill the kobold!
Natasha claws you!
You die...

...# ##...####
#....#... #.....)#
#..#<.# #....# #.#
#.<.# ##... #@o.#
...#. #lh## ##...#
#5.# #..
......###..## ###(..
# #.........##.....##
...#................#
#.#.................
#..................#
...##........<.....#


You could see Natasha, a crimson imp, an orc and a frilled lizard.

Vanquished Creatures
  An adder (D:2)
  An ooze (D:2)
  A worm (D:2)
  A dart slug (D:1)
  2 giant cockroaches (D:2)
  4 goblins
  3 hobgoblins
  3 jackals (D:1)
  7 kobolds
  6 bats
  2 frilled lizards (D:1)
  4 rats
35 creatures vanquished.

Notes
Turn   | Place    | Note
-------+----------+-------------------------------------------
     0 | D:1      | Diazepam the Deep Elf Fire Elementalist began the quest for the Orb.
     0 | D:1      | Reached XP level 1. HP: 10/10 MP: 6/6
   319 | D:1      | Reached XP level 2. HP: 12/15 MP: 6/8
   757 | D:1      | Learned a level 2 spell: Throw Flame
   950 | D:2      | Noticed Natasha
  1006 | D:2      | Reached XP level 3. HP: 12/19 MP: 5/10
  1038 | D:2      | Learned a level 3 spell: Conjure Flame
  1142 | D:2      | Reached skill level 4 in Fire Magic
  1511 | D:3      | Slain by Natasha

Skill      XL: |  1  2  3 |
---------------+----------+-----
Fire Magic     | 4 |  4.3
Conjurations   | 2 |  2.1
Dodging        | |  2.4
Stealth        | |  2.4
Spellcasting   | |  3.6

Action                   || total
-------------------------++-------
Melee: Unarmed           ||     5
       Spear             ||     9
 Cast: Flame Tongue      ||    39
       Throw Flame       ||    22
  Eat: Chunk             ||     1
Armor: Robe              ||    21
Dodge: Dodged            ||    50
